Map: Dusk Towers

Players

Miszu

  • Race: Terran Terran
  • League: Grandmaster

CheeseKing - Winner!

  • Race: Protoss Protoss
  • League: Master

VOD

Have the link to the VOD?

Description

Time

  • Played on: Feb. 7, 2016, 4:48 p.m.
  • Length: 5:08
Show
View Real Time Build Order
Export as new Build Order

Miszu Terran 

Build Orders: Hellion Opening 

Get SALT Encoding   

  12  0:00  SCV  
  13  0:12  SCV  
  14  0:20  Supply Depot  
  14  0:25  SCV  
  15  0:41  SCV  
  16  0:44  Barracks  
  16  0:47  Refinery  
  16  0:53  SCV  
  17  1:05  SCV  
  18  1:21  SCV  
  19  1:33  Orbital Command  
  19  1:34  Barracks Reactor  
  19  1:38  Marine  
  20  1:48  Command Center  
  20  1:55  Factory  
  20  1:58  SCV  
  21  2:10  SCV  
  21  2:13  Supply Depot, Barracks Reactor  
  22  2:23  SCV  
  23  2:35  SCV  
  23  2:47  SCV  
  23  2:49  Factory  
  24  2:52  Hellion  
  24  2:53  Hellion  
  28  2:58  Supply Depot  
  28  2:59  SCV  
  28  3:00  Orbital Command  
  30  3:09  Barracks Reactor  
  30  3:14  Hellion  
  30  3:15  Hellion  
  35  3:34  Hellion  
  35  3:35  Hellion  
  35  3:36  Hellion  
  35  3:37  SCV x2  
  35  3:41  Supply Depot  
  41  3:45  Engineering Bay  
  41  3:47  Factory  
  41  3:58  Hellion x2  
  41  4:01  Barracks Tech Lab  
  47  4:06  Hellion  
  47  4:07  Hellion  
  49  4:15  SCV x2  
  51  4:18  Engineering Bay  
  51  4:20  Hellion  
  52  4:29  Hellion x2  
  50  4:37  Widow Mine  
  47  4:47  Missile Turret x2  
Show
View Real Time Build Order
Export as new Build Order

CheeseKing Protoss - Winner!

Build Orders: Dark Templar Rush 

Get SALT Encoding   

  12  0:01  Probe (Chrono Boost)  
  13  0:11  Probe (Chrono Boost)  
  14  0:18  Pylon  
  14  0:22  Probe (Chrono Boost)  
  15  0:36  Probe (Chrono Boost)  
  15  0:37  Gateway  
  16  0:45  Assimilator  
  16  0:46  Probe (Chrono Boost)  
  17  0:51  Assimilator  
  17  0:57  Probe (Chrono Boost)  
  17  1:02  Pylon  
  18  1:08  Probe (Chrono Boost)  
  19  1:18  Probe (Chrono Boost)  
  20  1:24  Cybernetics Core  
  20  1:29  Probe (Chrono Boost)  
  21  1:39  Probe (Chrono Boost)  
  22  1:50  Probe (Chrono Boost)  
  23  2:00  Stalker (Chrono Boost), Warp Gate  
  25  2:03  Robotics Facility  
  25  2:12  Twilight Council  
  25  2:26  Mothership Core (Chrono Boost)  
  27  2:38  Gateway  
  27  2:39  Gateway  
  27  2:54  Dark Shrine  
  27  2:57  Warp Prism (Chrono Boost)  
  29  3:31  Nexus  
  27  3:39  Pylon  
  27  3:44  Pylon  
  27  3:48  Probe (Chrono Boost)  
  28  3:59  Probe (Chrono Boost)  
  29  4:08  Dark Templar x2  
  29  4:09  Dark Templar  
  35  4:15  Probe (Chrono Boost)  
  36  4:26  Probe (Chrono Boost)  
  37  4:36  Probe (Chrono Boost)  
  34  4:40  Pylon  
  34  4:42  Dark Templar  
  36  4:46  Pylon  
  36  4:47  Probe (Chrono Boost)  
  36  4:50  Dark Templar  
Tags
 
Add a new tag
Caveats
  • Supply blocks, unpowered buildings, or Contaminate may cause inaccurate times.
  • Supply counts are checked every 10 seconds.